 Dungeon Crawl Stone Soup version 0.17-a0-1534-gf98da79 (webtiles) character file.

2732 ololoev the Grave Robber (level 9, -1/61 HPs)
             Began as a Vampire Skald on July 17, 2015.
             Slain by a crimson imp (2 damage)
             ... on level 7 of the Dungeon.
             The game lasted 00:32:07 (7415 turns).

ololoev the Grave Robber (Vampire Skald)            Turns: 7415, Time: 00:32:07

Health: -1/61      AC:  9    Str: 19    XL:     9   Next: 40%
Magic:  0/12       EV: 19    Int: 14    God:
Gold:   457        SH:  0    Dex: 19    Spells: 1 memorised, 9 levels left

rFire  . . .     SeeInvis +     o - +0 rapier (vamp)
rCold  + + .     Clarity  .     b - +1 ring mail {rC+}
rNeg   + . .     SustAt   .     (no shield)
rPois  .         Gourm    .     g - +1 helmet
rElec  .         Spirit   +     (no cloak)
rCorr  .         Warding  .     (no gloves)
rMut   .         Stasis   .     (no boots)
MR     .....                    j - amulet of guardian spirit
Stlth  ++........               v - ring of protection from cold
                                h - ring of positive energy

@: mighty, agile, regenerating, not resistant to hostile enchantments,
unstealthy
A: fangs 3, see invisible, unbreathing
a: no special abilities


Innate Abilities, Weirdness & Mutations

Your natural rate of healing is unusually fast.
You have razor-sharp teeth.
You have supernaturally acute eyesight.
You can survive without breathing.

Inventory:

Hand weapons
 c - a +1 spear of pain
 o - a +0 vampiric rapier (weapon)
Armour
 b - a +1 ring mail of cold resistance (worn)
 g - a +1 helmet (worn)
Jewellery
 h - a ring of positive energy (left hand)
 j - an amulet of guardian spirit (around neck)
 q - an uncursed ring of flight
 v - a ring of protection from cold (right hand)
Magical devices
 w - a wand of invisibility (3)
Scrolls
 f - 4 scrolls of recharging
 i - 2 scrolls of remove curse
 m - 4 scrolls of teleportation
Potions
 a - a potion of brilliance {unknown}
 d - a potion of might
 l - 2 potions of flight
 p - 2 potions of berserk rage {unknown}
 u - a potion of mutation {unknown}


   Skills:
 - Level 1.7 Fighting
 - Level 2.1(4.0) Short Blades
   Level 4.8(5.0) Long Blades
 + Level 5.6 Polearms
 + Level 5.8 Armour
 + Level 4.4 Dodging
 - Level 2.0 Spellcasting
 - Level 3.2 Charms
 + Level 6.5 Necromancy


You had 9 spell levels left.
You knew the following spells:

 Your Spells              Type           Power        Failure   Level  Hunger
b - Regeneration          Chrm/Necr      ###.......   17%         3    ####...


You were on level 7 of the Dungeon.
You were very full.

You visited 1 branch of the dungeon, and saw 7 of its levels.
You also visited: Sewer.

You collected 457 gold pieces.

## # #### #.######## .##
##..## ##.......#
..#####.##.## ##........#
#......####.######..#.####.##
# #..)....#
##...#..###.......### .
..##.#.5##
##..5.###..###.....##.
####.##..#####.)@# ..##
#.......#
.#....###..###.z##..#
#..#.....#
...#..####..##).#..#
#.####....
..###..###...[.....## #..
#..## ..
##..................# #.###
.. #..#######......... #..#
#. #.## #.......# #.##
#......# ..###..## ..
#..#...# ..# #... ##.

Notes
Turn   | Place    | Note
--------------------------------------------------------------
     0 | D:1      | ololoev the Vampire Skald began the quest for the Orb.
     0 | D:1      | Reached XP level 1. HP: 16/16 MP: 3/3
   429 | D:1      | Reached skill level 1 in Armour
   447 | D:1      | Reached XP level 2. HP: 22/22 MP: 5/5
   830 | D:2      | Noticed Terence
   830 | D:2      | Noticed Sigmund
   901 | D:1      | Killed Terence
   901 | D:1      | Reached XP level 3. HP: 6/27 MP: 2/6
  1101 | D:1      | Learned a level 3 spell: Regeneration
  1451 | D:2      | Reached XP level 4. HP: 30/33 MP: 5/7
  1458 | D:2      | Noticed Robin
  1515 | D:2      | Killed Robin
  1515 | D:2      | Reached skill level 4 in Long Blades
  1878 | D:3      | Reached XP level 5. HP: 38/38 MP: 8/8
  2190 | D:3      | Found a burning altar of Makhleb.
  2198 | D:3      | Reached skill level 1 in Short Blades
  2522 | D:3      | Reached XP level 6. HP: 44/44 MP: 9/9
  2928 | D:4      | Reached skill level 1 in Necromancy
  3208 | D:4      | Reached skill level 1 in Polearms
  3393 | D:4      | Reached XP level 7. HP: 38/49 MP: 6/10
  4028 | D:5      | Entered Level 5 of the Dungeon
  4091 | D:5      | Found a glowing drain.
  4100 | Sewer    | Entered a sewer
  4411 | Sewer    | Noticed Pikaro's ghost (experienced CeHu)
  4432 | Sewer    | Killed Pikaro's ghost
  4432 | Sewer    | Reached XP level 8. HP: 21/55 MP: 5/11
  4792 | D:5      | Found a shadowy altar of Dithmenos.
  5399 | D:6      | Reached skill level 5 in Necromancy
  5566 | D:5      | Reached skill level 5 in Armour
  5752 | D:6      | Noticed Menkaure
  5756 | D:6      | Killed Menkaure
  6168 | D:6      | Reached skill level 5 in Polearms
  6168 | D:6      | Reached XP level 9. HP: 25/61 MP: 1/12
  6587 | D:6      | Reached skill level 6 in Necromancy
  7415 | D:7      | HP: 1/61 [wight/enchanted morningstar (10)]
  7415 | D:7      | Slain by a crimson imp

Dungeon Overview and Level Annotations

Branches:
Dungeon (7/15)
 Temple: D:4-7

Altars:
Dithmenos
Makhleb

Annotations:
D:2 Sigmund


Message History

You destroy the wight!
A wight comes into view.
It is wielding an enchanted morningstar.
You barely miss the orc. You bite the orc.
The orc is severely wounded.
The orc closely misses you.
You hit the orc but do no damage. You bite the orc.
You kill the orc!
Your ring mail prevents you from hitting the wight.
The wight barely misses you.
You puncture the wight!
The wight is severely damaged.
The wight closely misses you.
You hit the wight.
The wight is severely damaged.
The wight hits you but does no damage.
You puncture the wight!
You destroy the wight!
The wight hits you but does no damage.
The crimson imp hits you but does no damage.
The crimson imp blinks!
The crimson imp misses you.
Press: ? - help, v - describe, . - travel
Here: a wight, wielding an enchanted mace and wearing a robe The floor.
You puncture the wight!
The wight is severely damaged.
The crimson imp hits you but does no damage.
You closely miss the wight.
The wight is severely damaged.
The wight hits you but does no damage. The crimson imp closely misses you.
The wight misses you.
You hit the wight.
You destroy the wight!
The crimson imp barely misses you.
Casting: Regeneration
Confirm with . or Enter, or press ? or * to list all spells.
Your skin crawls.
The wight hits you with an enchanted morningstar!
The crimson imp hits you.
You die...

You could see a wight and a crimson imp.

Vanquished Creatures
  The ghost of Pikaro the Thrower, an experienced CeHu (Sewer)
  A hippogriff (D:6)
  Menkaure (D:6)
  A sky beast (D:6)
  A phantom (D:6)
  A black bear (D:4)
  A centaur (D:6)
  4 giant frogs (D:6)
  A gnoll sergeant (D:6)
  A scorpion (D:4)
  8 wights
  A jelly (D:7)
  A giant frog zombie (D:6)
  6 hounds
  An orc priest (D:4)
  A centaur skeleton (D:6)
  2 centaur zombies (D:5)
  2 giant frog skeletons (D:6)
  Terence (D:1)
  2 iguanas
  3 orc wizards
  4 worker ants
  A hound zombie (D:5)
  A worker ant zombie (D:6)
  Robin (D:2)
  15 gnolls
  A shadow imp (D:5)
  3 adders
  5 oozes
  4 worms
  An adder skeleton (D:6)
  8 giant geckos
  17 orcs
  3 ball pythons
  A bat skeleton (D:4)
  8 giant cockroaches
  20 goblins
  14 hobgoblins
  7 jackals
  A quokka (D:3)
  20 bats
  13 giant newts
  6 kobolds
  A quokka skeleton (D:4)
  13 rats
209 creatures vanquished.

Action                   |  1- 3 |  4- 6 |  7- 9 || total
-------------------------+-------+-------+-------++-------
Melee: Falchion          |    23 |       |       ||    23
       Spear             |    91 |   141 |    41 ||   273
       Rapier            |       |   163 |   740 ||   903
 Cast: Regeneration      |       |       |    18 ||    18
       Infusion          |       |       |     1 ||     1
  Use: Potion            |     1 |       |     5 ||     6
       Scroll            |     4 |     4 |    11 ||    19
 Stab: Sleeping          |     1 |       |       ||     1
  Eat: Corpse            |     9 |    15 |    28 ||    52

Vault maps used:
D:1:      sevenhm_arrival_forest_fort_large_4
D:2:      nicolae_overflow_hidden_temple, uniq_robin, uniq_terence, uniq_sigmund
D:3:      kennysheep_big_flooded_room, makhleb_blood_cavern_becter
D:4:      hangedman_decor_peaks_small, lightli_corner_chamber
D:5:      portal_sewer_entry_a, first_bread, nicolae_dithmenos_the_darkroom
D:6:      kennysheep_six_static_rooms, uniq_menkaure
D:7:      temple_hall, lightli_ossuary_entry_decrepit_ruins, serial_shops, shop
Sewer:    sewer_fruit_machine
